 Dungeon Crawl Stone Soup version 0.29-a0-334-gb41bcbb86e (webtiles) character file.

Game seed: 14273358872941043469

393 Jortsu the Chopper (level 6, -4/53 HPs)
             Began as a Hill Orc Fighter on Apr 14, 2022.
             Succumbed to a gnoll's poison
             ... on level 4 of the Dungeon.
             The game lasted 00:04:50 (4717 turns).

Jortsu the Chopper (Hill Orc Fighter)               Turns: 4717, Time: 00:04:51

Health: -4/53      AC: 14    Str: 21    XL:     6   Next: 81%
Magic:  6/6        EV:  6    Int:  8    God:
Gold:   237        SH:  4    Dex: 10    Spells: 5/5 levels left

rFire   + . .      SeeInvis .   a - +0 war axe (vorpal)
rCold   . . .      Faith    .   c - +0 buckler
rNeg    . . .      Spirit   .   l - +1 plate armour
rPois   .          Reflect  .   (no helmet)
rElec   .          Harm     .   g - +0 cloak
rCorr   .          Rampage  .   (no gloves)
Will    .....                   (no boots)
Stlth   ..........              (no amulet)
HPRegen 0.17/turn               n - ring of protection from fire
MPRegen 0.10/turn               (no ring)

@: lethally poisoned (-4 -> -33)
A: no striking features
a: no special abilities


You were on level 4 of the Dungeon.
You visited 1 branch of the dungeon, and saw 5 of its levels.

You collected 237 gold pieces.

Inventory:

Hand Weapons
 a - a +0 vorpal war axe (weapon)
 f - a +0 broad axe
Armour
 b - a +0 scale mail
 c - a +0 buckler (worn)
 g - a +0 cloak (worn)
 l - a +1 plate armour (worn)
Jewellery
 n - a ring of protection from fire (left hand)
Scrolls
 h - 2 scrolls of vulnerability
 i - 2 scrolls of identify
 p - 2 scrolls of magic mapping
 r - a scroll of brand weapon
 s - a scroll of fog
 t - a scroll of immolation
 u - a scroll of teleportation
Potions
 d - 2 potions of might
 e - 2 potions of heal wounds
 j - a potion of attraction
 k - a potion of brilliance {unknown}
 m - 2 potions of curing {unknown}
 o - a potion of mutation {unknown}
 q - a potion of ambrosia {unknown}


   Skills:
 + Level 4.6 Fighting
 + Level 6.4 Axes
 + Level 5.0 Armour
 + Level 0.7 Dodging
 + Level 0.2 Stealth
 + Level 4.0 Shields


You had 5 spell levels left.
You didn't know any spells.
Your spell library contained the following spells:

 Spells                   Type           Power      Damage    Failure   Level
 Vampiric Draining        Necr           0%         2d6       100%        3
 Olgreb's Toxic Radiance  Pois           0%         N/A       100%        4
 Agony                    Necr           0%         N/A       100%        5
 Ozocubu's Refrigeration  Ice            0%         4d5       100%        7
 Ignition                 Fire           0%         3d3       100%        8


Dungeon Overview and Level Annotations

Branches:
Dungeon (5/15)
 Temple: D:4-7

Altars:

Shops:
D:1 (


Message History

You closely miss the gnoll shaman.
The gnoll shaman is severely wounded.
The gnoll shaman hits you but does no damage.
You slash the gnoll shaman!
You kill the gnoll shaman!
The gnoll hits you but does no damage.
You barely miss the gnoll.
The gnoll hits you with a +1 whip of venom.
You are poisoned.
The gnoll barely misses you. The gnoll hits you but does no damage.
You slash the gnoll!
The gnoll is almost dead.
You feel very sick. The gnoll hits you but does no damage.
The gnoll barely misses you. The gnoll hits you but does no damage.
You barely miss the gnoll.
The gnoll is severely wounded.
You feel sick. The gnoll hits you but does no damage.
You are more poisoned.
The gnoll barely misses you. The gnoll closely misses you.
You completely miss the gnoll.
The gnoll is severely wounded.
You feel very sick.
The gnoll hits you with a +1 whip of venom!
You are lethally poisoned!
The gnoll barely misses you.
The gnoll hits you from afar with a +0 spear.
You barely miss the gnoll.
The gnoll is severely wounded.
* * * LOW HITPOINT WARNING * * *
You feel very sick.
The gnoll hits you with a +1 whip of venom.
* * * LOW HITPOINT WARNING * * *
The gnoll hits you from afar with a +0 spear.
* * * LOW HITPOINT WARNING * * *
The gnoll hits you but does no damage.
You are more poisoned.
You hit the gnoll.
You kill the gnoll!
You die...

##.#####.## #.#
#.# #.# #.# #.#
#.# #.# #.# #.#
#.# #<# #g# #.#
#)# ###
#.#####@#.....
#...)..........
#######........
########. ##
##. ##.. #.>.
#).. #...


You could see a gnoll.

Vanquished Creatures
  An ogre (D:4)
  Natasha (twice) (D:2)
  A gnoll shaman (D:4)
  2 iguanas
  4 gnolls (D:4)
  3 adders
  5 worms
  2 dart slugs (D:1)
  10 orcs (D:3)
  4 endoplasms
  4 giant cockroaches
  14 goblins
  13 hobgoblins
  8 jackals
  7 quokkas
  7 ball pythons
  A frilled lizard (D:1)
  6 kobolds
  5 rats
99 creatures vanquished.

Notes
Turn   | Place    | Note
-------+----------+-------------------------------------------
     0 | D:1      | Jortsu the Hill Orc Fighter began the quest for the Orb.
     0 | D:1      | Reached XP level 1. HP: 19/19 MP: 1/1
   192 | D:1      | Reached XP level 2. HP: 25/27 MP: 2/2
   371 | D:1      | Found Sefuaris's Weapon Boutique.
   387 | D:1      | Reached skill level 3 in Axes
   392 | D:1      | Reached XP level 3. HP: 23/33 MP: 3/3
  1079 | D:1      | Found a faded altar of an unknown god.
  1794 | D:2      | Reached XP level 4. HP: 32/40 MP: 4/4
  1968 | D:2      | Noticed Natasha
  1972 | D:2      | Killed Natasha
  1973 | D:2      | Reached skill level 4 in Axes
  2231 | D:2      | Noticed Natasha
  2240 | D:2      | Killed Natasha
  2241 | D:2      | Reached XP level 5. HP: 45/46 MP: 5/5
  2562 | D:3      | You fall into a shaft and drop 2 floors!
  2562 | D:5      | Entered Level 5 of the Dungeon
  3215 | D:3      | Reached skill level 5 in Axes
  3488 | D:3      | Reached XP level 6. HP: 49/53 MP: 6/6
  4239 | D:4      | Got the Guide on Darkness
  4377 | D:4      | Reached skill level 6 in Axes
  4550 | D:4      | Reached skill level 5 in Armour
  4717 | D:4      | Succumbed to a gnoll's poison

Illustrated notes

Levels and vault maps discovered:
D:1:      matt_arrival_los_fun, layout_basic, serial_shops,
          nicolae_shop_advertising_works [nicolae_subvault_shop_adworks],
          serial_co_window_serial, co_window_cross_1,
          co_window_of_opportunity_a, co_window_of_opportunity_a,
          co_window_corner_a, co_window_of_opportunity_a, co_window_corner_b,
          co_window_corner_b, co_window_broadway_c, co_window_2corner,
          co_window_of_opportunity_c, shapermc_ecumenical_altar_flowoftime,
          st_stairs_2
D:2:      layout_basic, serial_rivers, chequers_serial_rivers_marsh,
          chequers_serial_rivers_micro_c, chequers_serial_rivers_small_3,
          chequers_serial_rivers_micro_b, chequers_serial_rivers_small_b,
          chequers_serial_rivers_small_b, uniq_natasha
D:3:      layout_basic, amcnicky_mini_pool_small, serial_park_tiny_1,
          grunt_ministairs_12, nicolae_wormholes
D:4:      cheibrodos_greedy_goblins, layout_loops_ring
D:5:      layout_basic, minmay_temple_entry_nine_rooms,
          chequers_serial_rivers_micro_d, hangedman_abyss_or_decor_lesser_grid,
          kennysheep_generic_room_6

Skill      XL: |  1  2  3  4  5  6 |
---------------+-------------------+-----
Axes           | 3 4 5 6 |  6.4
Fighting       | 4 |  4.6
Armour         | 4 5 |  5.0
Shields        | 4 |  4.0
Dodging        | |  0.7
Stealth        | |  0.2

Action                   |  1- 3 |  4- 6 || total
-------------------------+-------+-------++-------
Melee: War axe           |   106 |   161 ||   267
  Use: Scroll            |     3 |     7 ||    10
Armor: Scale mail        |    56 |       ||    56
       Plate armour      |    15 |    64 ||    79
Dodge: Dodged            |    42 |    41 ||    83
Block: Buckler           |    24 |    31 ||    55

Table legend: (Time is in decaauts)
 A = Elapsed time spent in this place.
 B = Non-inter-level travel time spent in this place.
 C = Inter-level travel time spent in this place.
 D = Time resting spent in this place.
 E = Time spent auto-exploring this place.
 F = Levels seen in this place.
 G = Mean time per level.
                   A        B        C        D        E       F      G
               +--------+--------+--------+--------+--------+-----+--------+
         Total |   4810 |   4745 |     65 |    160 |   3739 |   5 |  962.0 |
       Dungeon |   4810 |   4745 |     65 |    160 |   3739 |   5 |  962.0 |
               +--------+--------+--------+--------+--------+-----+--------+

Top non-repeatable levels by time:
     D:3: 1502 daAuts
     D:1: 1493 daAuts
     D:2: 1119 daAuts
     D:4: 560 daAuts
     D:5: 135 daAuts
